 Dungeon Crawl Stone Soup version 0.30.1-4-g462c640d31 (webtiles) character file.

Game seed: 1445873412944765532

76115 HagarQim the Eclecticist (level 15, -8/84 HPs)
             Began as a Deep Elf Conjurer on Aug 24, 2023.
             Was a High Priest of Sif Muna.
             Killed from afar by Frances (15 damage)
             ... with a shard of ice
             ... on level 2 of the Spider Nest on Aug 25, 2023.
             The game lasted 02:51:23 (31168 turns).

HagarQim the Eclecticist (Deep Elf Conjurer)       Turns: 31168, Time: 02:51:23

Health: -8/84      AC: 20    Str:  6    XL:     15   Next: 11%
Magic:  47/50      EV: 15    Int: 36    God:    Sif Muna [*****.]
Gold:   1482       SH:  0    Dex: 10    Spells: 0/52 levels left

rFire   . . .        W - staff of conjuration
rCold   x . .        (no shield)
rNeg    + + .        I - +2 robe {Archmagi}
rPois   +            y - +3 hat of Pondering {ponderous, Will+ MP+10 Int+5}
rElec   .            K - +3 cloak of Intuition {Dex+2}
rCorr   +            u - +2 pair of gloves of Incorporation {rPois rF- rN++ Regen+}
SInv    .            D - +1 pair of boots
Will    +++..        (no amulet)
Stlth   +++          j - ring of Puhacy {Fire Will+ rCorr Int+2 Dex-5}
HPRegen 1.14/turn    x - +4 ring of protection
MPRegen 0.32/turn

%: archmagi
@: hasted, very quick
A: sense surroundings 1
a: Renounce Religion, Channel Magic, Forget Spell, Divine Exegesis


You were on level 2 of the Spider Nest.
You worshipped Sif Muna.
Sif Muna was extremely pleased with you.
You visited 5 branches of the dungeon, and saw 23 of its levels.
You also visited: Sewer and Ice Cave.

You collected 1767 gold pieces.
You spent 285 gold pieces at shops.

Inventory:

Hand Weapons
 t - the +4 glaive "Qemoleet" {drain, Will+++ Int-5 SInv Stlth+}
   (You found it on level 7 of the Dungeon)

   Int:       It affects your intelligence (-5).
   SInv:      It lets you see invisible.
   Will:      It greatly increases your willpower.
   Stlth:     It makes you more stealthy.
 U - the +0 hand axe of Hatred {freeze, Drain Int+2 SInv}
   (You found it on level 10 of the Dungeon)

   Int:       It affects your intelligence (+2).
   SInv:      It lets you see invisible.
   Drain:     It drains your maximum health when unequipped.
Missiles
 F - 2 throwing nets
Armour
 u - the +2 pair of gloves of Incorporation (worn) {rPois rF- rN++ Regen+}
   (You acquired it on level 4 of the Lair of Beasts)

   rF:        It makes you vulnerable to fire.
   rPois:     It protects you from poison.
   rN:        It greatly protects you from negative energy.
   Regen:     It increases your rate of health regeneration.
 y - the +3 hat of Pondering (worn) {ponderous, Will+ MP+10 Int+5}
   (You took it off Gastronok on level 8 of the Dungeon)

   Int:       It affects your intelligence (+5).
   MP:        It affects your magic capacity (+10).
   Will:      It increases your willpower.
 z - a +0 helmet
 B - a +2 pair of gloves
 D - a +1 pair of boots (worn)
 I - a +2 robe of the Archmagi (worn)
 K - the +3 cloak of Intuition (worn) {Dex+2}
   (You found it on level 7 of the Dungeon)

   Dex:       It affects your dexterity (+2).
 M - a +2 robe of cold resistance
Magical Staves
 W - a staff of conjuration (weapon)
 Z - the staff of earth "Sid Zor" {rC+}
   (You found it on level 2 of the Lair of Beasts)

   [staff of earth]

   Base accuracy: +5 Base damage: 5 Base attack delay: 1.2 This weapon's minimum
   attack delay (0.6) is reached at skill level 12.
   rC:        It protects you from cold.
   It falls into the 'Staves' category.
   It is a one-handed weapon.
Jewellery
 f - a ring of see invisible
 j - the ring of Puhacy (left hand) {Fire Will+ rCorr Int+2 Dex-5}
   (You found it on level 3 of the Dungeon)

   [ring of fire]

   It enhances your fire magic.
   Int:       It affects your intelligence (+2).
   Dex:       It affects your dexterity (-5).
   rF:        It protects you from fire.
   rC:        It makes you vulnerable to cold.
   rCorr:     It protects you from acid and corrosion.
   Will:      It increases your willpower.
 r - a ring of ice
 x - a +4 ring of protection (right hand)
 G - a +5 ring of evasion
 H - a ring of protection from cold
 Q - a ring of wizardry
 T - the ring of Xakol {rC+ rN+ Str+3 Dex+3}
   (You took it off a necromancer in an ice cave)

   [ring of positive energy]

   Str:       It affects your strength (+3).
   Dex:       It affects your dexterity (+3).
   rC:        It protects you from cold.
   rN:        It protects you from negative energy.
Wands
 n - a wand of quicksilver (23)
 C - a wand of iceblast (19)
 E - a wand of mindburst (8)
 L - a wand of flame (31)
 P - a wand of digging (7)
 V - a wand of paralysis (10)
Scrolls
 a - a scroll of magic mapping
 c - 12 scrolls of teleportation
 d - a scroll of identify
 e - 2 scrolls of fear
 k - 3 scrolls of vulnerability
 s - 3 scrolls of enchant weapon
 J - 6 scrolls of amnesia
 N - 5 scrolls of blinking
Potions
 b - 2 potions of magic
 g - a potion of ambrosia
 h - 3 potions of flight
 i - a potion of lignification
 l - 9 potions of curing
 m - 5 potions of haste
 p - 2 potions of invisibility
 q - 7 potions of mutation
 v - 3 potions of degeneration {unknown}
 w - 2 potions of cancellation
 A - 4 potions of might
 S - 2 potions of berserk rage


   Skills:
 * Level 6.5 Fighting
 + Level 9.2 Dodging
 + Level 5.6 Stealth
 + Level 19.1 Spellcasting
 + Level 15.8 Conjurations
 + Level 5.0 Hexes
 + Level 2.1 Summonings
 + Level 5.2 Necromancy
 - Level 7.1 Translocations
 + Level 3.8 Transmutations
 * Level 9.6 Fire Magic
 + Level 0.9 Ice Magic
 + Level 5.7 Invocations


You couldn't memorise any spells.
You knew the following spells:

 Your Spells              Type           Power      Damage    Failure   Level
a - Magic Dart            Conj           100%       1d8       0%          1
b - Searing Ray           Conj           100%       2d8       0%          2
c - Momentum Strike       Conj/Tloc      100%       3d10      0%          2
d - Iskenderun's Mystic   Conj/Tloc      100%       2d19      1%          4
e - Sticky Flame          Conj/Fire      100%       2d11      1%          4
f - Fireball              Conj/Fire      81%        3d30      1%          5
g - Ensorcelled Hibernat  Hex/Ice        100%       N/A       1%          2
h - Dispel Undead         Necr           82%        3d27      1%          4
i - Dazzling Flash        Conj/Hex       100%       N/A       1%          3
j - Cause Fear            Hex            41%        N/A       1%          4
k - Gell's Gravitas       Tloc           92%        N/A       1%          3
l - Lesser Beckoning      Tloc           100%       N/A       1%          2
m - Starburst             Conj/Fire      81%        6d21      1%          6
n - Iskenderun's Battles  Conj           100%       2d15      1%          5
v - Yara's Violent Unrav  Hex/Tmut       39%        3d16      4%          5

Your spell library contained the following spells:

 Spells                   Type           Power      Damage    Failure   Level
 Foxfire                  Conj/Fire      100%       2x1d9     0%          1
 Kiss of Death            Conj/Necr      100%       2d13      0%          1
 Shock                    Conj/Air       100%       1d9       1%          1
 Blink                    Tloc           100%       N/A       1%          2
 Call Imp                 Summ           100%       N/A       1%          2
 Cigotuvi's Dreadful Rot  Necr/Pois/Air  100%       N/A       1%          2
 Passwall                 Tmut/Erth      53%        N/A       1%          2
 Poisonous Vapours        Pois/Air       100%       N/A       1%          2
 Static Discharge         Conj/Air       100%       2-7/arc   1%          2
 Confusing Touch          Hex            82%        N/A       1%          3
 Ignite Poison            Fire/Tmut/Pois 100%       N/A       1%          3
 Mephitic Cloud           Conj/Pois/Air  100%       N/A       1%          3
 Spider Form              Tmut/Pois      64%        N/A       1%          3
 Stone Arrow              Conj/Erth      100%       3d13      1%          3
 Teleport Other           Tloc           92%        N/A       1%          3
 Tukima's Dance           Hex            82%        N/A       1%          3
 Volatile Blastmotes      Fire/Tloc      100%       2d18      1%          3
 Anguish                  Hex/Necr       41%        N/A       1%          4
 Fulminant Prism          Conj/Hex       64%        3d26      1%          4
 Passage of Golubria      Tloc           92%        N/A       1%          4
 Arcjolt                  Conj/Air       58%        1d68      1%          5
 Swiftness                Air            51%        N/A       2%          3
 Freezing Cloud           Conj/Ice/Air   53%        6-21      2%          5
 Summon Forest            Summ/Tloc      40%        N/A       3%          5
 Conjure Ball Lightning   Conj/Air       58%        3x3d21    5%          6
 Iron Shot                Conj/Erth      58%        9d11      5%          6
 Animate Armour           Summ/Erth      100%       N/A       6%          4
 Summon Mana Viper        Hex/Summ       74%        N/A       6%          5
 Dispersal                Tloc           46%        N/A       8%          6
 Silence                  Hex/Air        34%        N/A       9%          5
 Plasma Beam              Fire/Air       51%        2x1d72    19%         6
 Spellforged Servitor     Conj/Summ      61%        N/A       19%         7
 Summon Cactus Giant      Summ           33%        N/A       50%         6
 Enfeeble                 Hex            41%        N/A       69%         7
 Ignition                 Fire           62%        3d17      75%         8
 Lehudib's Crystal Spear  Conj/Erth      58%        10d14     93%         8
 Chain Lightning          Conj/Air       58%        3d78      100%        9


Dungeon Overview and Level Annotations

Branches:
Dungeon (13/15)            Temple (1/1) D:5            Lair (4/5) D:9
 Shoals (0/4) Lair:3       Spider (3/4) Lair:3        Slime (0/5) Lair:4
    Orc (2/2) D:12            Elf (0/3) Orc:2         Sewer (visited)
  IceCv (visited)
 Vaults: D:13-14

Altars:
Ashenzari
Cheibriados
Dithmenos
Elyvilon
Fedhas
Gozag
Hepliaklqana
Kikubaaqudgha
Makhleb
Nemelex Xobeh
Okawaru
Qazlal
Ru
Sif Muna
Trog
Uskayaw
Vehumet
Wu Jian
Xom
Yredelemnul
Zin
The Shining One
Jiyva

Shops:
D:11 (   Orc:2 *::(

Portals:
Abyss: D:8

Annotations:
Spider:2 Frances


Innate Abilities, Weirdness & Mutations

You passively map a small area around you.


Message History

You flicker back into view.
You start resting.
HP restored.
You start resting.
Magic restored.
Unknown command.
Memorise Iskenderun's Battlesphere, consuming 5 spell levels and leaving 0?
You start memorising the spell.
You continue memorising. x5
You finish memorising.
Spell assigned to 'n'.
There is a stone staircase leading down here.
You climb downwards.
Level annotation: Frances
There is a stone staircase leading up here.
You climb upwards.
There is a stone staircase leading down here.
Done exploring.
There is a stone staircase leading down here.
You climb downwards.
Level annotation: Frances
There is a stone staircase leading up here.
You pick your way through the web.
There is a web here.
Frances shouts!
Frances hits you from afar with a +2 heavy glaive!
Frances hits you with a +2 heavy glaive!!
Casting: Iskenderun's Mystic Blast (safe; 1% risk of failure)
Confirm with . or Enter, or press ? or * to list all spells.
Casting: Cause Fear (mildly dangerous; 1% risk of failure)
Press: ? - help, Dir - look around, f - activate You feel a surge of power!
Frances resists with almost no effort.
Frances hits you from afar with a +2 heavy glaive!!!
* * * LOW HITPOINT WARNING * * *
Blink to where?
Press: ? - help, Dir - move target
As you read the scroll of blinking, it crumbles to dust.
Frances runs a finger over her scar.
You feel yourself speed up.
Frances whispers indecipherable words.
The shard of ice hits you!
You feel a painful chill!
You die...

##..# * ..... ,,,*
#.........
#...#####......
#......... ###.......#**
, * #*.......<..
##...(####.# *
.#........... #......#
*#^## #.. ..........
.......## #@###
#.####..@...s..
........#
##.ยง.###......H........
........#
#.###..^......#...^....
........###.#
##@######*######..#
........##.## #.##..#
##### ........####
#.#...## ^ ..# *
........#.# #......##
.... .........#
####^#......#*#....
#.....##.#
#...###.....##.....
##.#####.###..##
#.......#, , ###
##.##...###.......#* *
####
####.#.....###......##,
*


You could see Frances.

Vanquished Creatures
  Rupert (Spider:1)
  Gastronok (D:8)
  Donald (Spider:1)
  Agnes (Spider:1)
  An emperor scorpion (Spider:2)
  A broodmother (Spider:2)
  Azrael (Spider:1)
  A spark wasp (Spider:1)
  2 entropy weavers (Spider:2)
  3 hydras
  Harold (Orc:1)
  A boulder beetle (Spider:2)
  A catoblepas (Lair:2)
  4 two-headed ogres
  A hell hog (D:8)
  4 orc high priests (Orc:2)
  A skyshark (Lair:3)
  A sun moth (Spider:2)
  3 pharaoh ants
  2 orb spiders
  The ghost of Onni the Grappler, a novice TrFi (D:8)
  A lindwurm (Lair:2)
  A necromancer (IceCv)
  2 steelbarb worms
  A deep elf zephyrmancer (Orc:1)
  5 orc knights
  2 ugly things (D:12)
  4 wolf spiders
  6 orc sorcerers (Orc:2)
  2 deep elf pyromancers
  4 cyclopes
  7 black mambas
  A water nymph (Lair:3)
  2 demonic crawlers
  3 elephants
  Maggie (D:6)
  A torpor snail (Spider:2)
  An ice statue (IceCv)
  6 cane toads
  3 rime drakes
  An unseen horror (D:12)
  4 kobold demonologists
  5 freezing wraiths (IceCv)
  2 anaconda simulacra (IceCv)
  3 komodo dragons
  3 trolls
  12 ice devils (IceCv)
  2 polar bears
  A wolf spider simulacrum (D:12)
  3 hornets
  Grinder (D:3)
  4 tarantellas
  10 jumping spiders
  A centaur simulacrum (D:12)
  7 culicivoras (Spider:2)
  2 shadows
  2 wraiths
  6 wyverns
  2 dire elephant simulacra (IceCv)
  Eustachio (D:5)
  28 yaks
  A basilisk (Lair:3)
  4 fire elementals
  2 small abominations (D:8)
  4 vampire mosquitoes (D:11)
  16 redbacks
  4 steam dragons
  5 wargs
  A harpy simulacrum (IceCv)
  2 acid dragons
  A hydra simulacrum (IceCv)
  10 water moccasins
  3 hell hounds (Spider:1)
  8 ice beasts
  Duvessa (D:7)
  A swamp drake (Orc:1)
  3 sky beasts
  2 black bears (Lair:2)
  4 wolves
  24 orc warriors
  5 ogres
  9 centaurs
  A phantom (D:7)
  5 kobold brigands
  4 scorpions
  10 bullfrogs
  3 gnoll sergeants
  8 cane toad simulacra
  A two-headed ogre simulacrum (IceCv)
  17 wights
  Dowan (D:7)
  5 killer bees (D:9)
  4 elephant simulacra (IceCv)
  5 howler monkeys
  A crimson imp (Orc:1)
  8 jellies
  19 orc priests
  A gnoll bouda (D:6)
  A hound (D:5)
  An iron imp (Orc:1)
  A sleepcap (D:5)
  Ijyb (D:3)
  Terence (D:3)
  6 iguanas
  Natasha (thrice) (D:4)
  22 orc wizards
  6 polar bear simulacra (IceCv)
  A spriggan simulacrum (IceCv)
  A troll simulacrum (IceCv)
  3 wolf simulacra (IceCv)
  Robin (D:4)
  15 gnolls
  8 adders
  3 river rats (Sewer)
  A naga simulacrum (IceCv)
  A shadow imp (Orc:1)
  10 white imps
  4 ufetubi
  2 dart slugs
  3 worms (D:3)
  75 orcs
  9 endoplasms
  4 giant cockroaches
  20 goblins
  5 hobgoblins
  6 jackals
  9 kobolds
  6 quokkas
  11 ball pythons
  5 bats
  10 frilled lizards
  12 rats
656 creatures vanquished.

Notes
Turn   | Place    | Note
-------+----------+-------------------------------------------
     0 | D:1      | HagarQim the Deep Elf Conjurer began the quest for the Orb.
     0 | D:1      | Reached XP level 1. HP: 10/10 MP: 6/6
   200 | D:1      | Reached XP level 2. HP: 15/15 MP: 5/8
   203 | D:1      | Learned a level 2 spell: Searing Ray
   510 | D:1      | Reached skill level 5 in Conjurations
   628 | D:1      | Reached XP level 3. HP: 19/19 MP: 7/9
  1953 | D:2      | Reached XP level 4. HP: 24/24 MP: 9/11
  1956 | D:2      | Learned a level 2 spell: Momentum Strike
  2260 | D:3      | Identified the ring of Puhacy {Fire Will+ rCorr Int+2
                  | Dex-5}
  2443 | D:3      | Found a glowing drain.
  2454 | Sewer    | Entered a sewer
  2784 | Sewer    | Reached skill level 4 in Spellcasting
  2784 | Sewer    | Reached skill level 1 in Translocations
  2784 | Sewer    | Reached XP level 5. HP: 22/28 MP: 6/13
  2853 | Sewer    | Reached skill level 1 in Fire Magic
  2926 | Sewer    | Found a viscous altar of Jiyva.
  3128 | Sewer    | Reached XP level 6. HP: 32/32 MP: 10/15
  3278 | D:3      | Noticed Grinder
  3300 | D:3      | Killed Grinder
  3301 | D:3      | Reached skill level 5 in Spellcasting
  3363 | D:3      | Noticed Ijyb
  3369 | D:3      | Killed Ijyb
  3395 | D:3      | Reached XP level 7. HP: 37/37 MP: 10/17
  3963 | D:3      | Found a shimmering blue altar of Sif Muna.
  3966 | D:3      | Found a snail-covered altar of Cheibriados.
  3966 | D:3      | Found a burning altar of Makhleb.
  3968 | D:3      | Found a shimmering altar of Xom.
  3968 | D:3      | Found a sacrificial altar of Ru.
  3968 | D:3      | Found a hide-covered altar of Uskayaw.
  4202 | D:3      | Found a shimmering blue altar of Sif Muna.
  4206 | D:3      | Reached skill level 6 in Spellcasting
  4254 | D:3      | Became a worshipper of Sif Muna the Loreminder
  4440 | D:3      | Noticed Terence
  4445 | D:3      | Killed Terence
  4819 | D:4      | Noticed Natasha
  4945 | D:4      | Killed Natasha
  5123 | D:4      | Noticed Natasha
  5128 | D:4      | Killed Natasha
  5295 | D:4      | Noticed Robin
  5302 | D:4      | Killed Robin
  5686 | D:4      | Noticed Natasha
  5705 | D:4      | Killed Natasha
  5780 | D:4      | Reached skill level 1 in Invocations
  5974 | D:5      | Entered Level 5 of the Dungeon
  5980 | D:5      | Reached skill level 7 in Spellcasting
  6060 | D:5      | Noticed Eustachio
  6064 | D:5      | Reached XP level 8. HP: 35/42 MP: 12/20
  6242 | D:5      | Killed Eustachio
  6243 | D:5      | Reached skill level 1 in Fighting
  6288 | D:5      | Found a broken altar of Ashenzari.
  6296 | D:5      | Reached * piety under Sif Muna
  6531 | D:5      | Found a staircase to the Ecumenical Temple.
  6716 | D:5      | Reached skill level 8 in Spellcasting
  6778 | D:5      | Found a basalt altar of Yredelemnul.
  6932 | Temple   | Entered the Ecumenical Temple
  7379 | D:6      | Learned a level 4 spell: Iskenderun's Mystic Blast
  7384 | D:6      | Learned a level 4 spell: Sticky Flame
  7444 | D:6      | Found a white marble altar of Elyvilon.
  7461 | D:6      | Noticed Maggie
  7472 | D:6      | Reached XP level 9. HP: 45/47 MP: 10/23
  7481 | D:6      | Killed Maggie
  7482 | D:6      | Reached skill level 9 in Spellcasting
  7590 | D:6      | Gained mutation: You have large cloven feet. [potion of
                  | mutation]
  7590 | D:6      | Gained mutation: You passively map a small area around you.
                  | [potion of mutation]
  7590 | D:6      | Lost mutation: You have large cloven feet. [potion of
                  | mutation]
  7848 | D:6      | Reached ** piety under Sif Muna
  8691 | D:7      | Reached skill level 5 in Invocations
  8716 | D:7      | Learned a level 2 spell: Lesser Beckoning
  8719 | D:7      | Learned a level 2 spell: Ensorcelled Hibernation
  8854 | D:7      | Reached skill level 10 in Spellcasting
  8862 | D:7      | Noticed Duvessa
  9199 | D:7      | Noticed Dowan
  9208 | D:7      | Killed Dowan
  9209 | D:7      | Reached skill level 1 in Necromancy
  9211 | D:7      | Killed Duvessa
  9288 | D:7      | Reached skill level 5 in Stealth
  9459 | D:7      | Identified the +3 cloak of Intuition {Dex+2}
  9696 | D:7      | Found a sparkling altar of Nemelex Xobeh.
  9713 | D:7      | Reached XP level 10. HP: 53/53 MP: 17/26
  9810 | D:7      | Identified the +4 glaive "Qemoleet" {drain, Will+++ Int-5
                  | SInv Stlth+}
 10250 | D:7      | Reached skill level 10 in Conjurations
 10276 | D:7      | Reached skill level 1 in Hexes
 10525 | D:8      | Found an opulent altar of Gozag.
 10541 | D:8      | Reached skill level 5 in Dodging
 10630 | D:8      | Reached skill level 11 in Spellcasting
 10637 | D:8      | Reached *** piety under Sif Muna
 10867 | D:8      | Found a glowing golden altar of the Shining One.
 11243 | D:8      | Noticed Gastronok
 11267 | D:8      | Killed Gastronok
 11268 | D:8      | Reached skill level 12 in Spellcasting
 11663 | D:8      | Learned a level 4 spell: Cause Fear
 11768 | D:8      | Noticed a two-headed ogre
 11776 | D:8      | Killed a two-headed ogre
 11777 | D:8      | Reached XP level 11. HP: 60/60 MP: 28/29
 11862 | D:8      | Found a transporter.
 11872 | D:8      | Found a transporter.
 11878 | D:8      | Noticed a hell hog
 11893 | D:8      | Noticed Onni's ghost (novice TrFi)
 11896 | D:8      | Found a one-way gate to the infinite horrors of the Abyss.
 12819 | D:9      | Found a staircase to the Lair.
 12938 | D:9      | Noticed a two-headed ogre
 12947 | D:9      | Killed a two-headed ogre
 12967 | D:9      | Reached skill level 13 in Spellcasting
 13610 | D:9      | Learned a level 3 spell: Dazzling Flash
 13817 | D:10     | Entered Level 10 of the Dungeon
 13852 | D:10     | Noticed a two-headed ogre
 13870 | D:10     | Killed a two-headed ogre
 13871 | D:10     | Reached skill level 1 in Summonings
 13976 | D:10     | Identified the +0 hand axe of Hatred {freeze, Drain Int+2
                  | SInv}
 13980 | D:10     | Noticed a two-headed ogre
 13986 | D:10     | Killed a two-headed ogre
 14643 | D:10     | Learned a level 4 spell: Dispel Undead
 14921 | D:10     | Reached skill level 5 in Fighting
 15399 | D:11     | Reached **** piety under Sif Muna
 15400 | D:11     | Reached XP level 12. HP: 59/68 MP: 30/31
 15585 | D:11     | Found Lesmeni's Antique Weapon Emporium.
 16258 | D:12     | Reached skill level 14 in Spellcasting
 16510 | D:12     | Learned a level 3 spell: Gell's Gravitas
 16859 | D:12     | Reached skill level 5 in Translocations
 17348 | D:12     | Found a staircase to the Orcish Mines.
 18319 | D:13     | Noticed a six-headed hydra
 18332 | D:13     | Killed a six-headed hydra
 18333 | D:13     | Reached skill level 5 in Fire Magic
 18488 | Lair:1   | Entered Level 1 of the Lair of Beasts
 18532 | Lair:1   | Found a frozen archway.
 18661 | IceCv    | Entered an ice cave
 18759 | IceCv    | Reached ***** piety under Sif Muna
 19121 | IceCv    | Reached skill level 15 in Spellcasting
 19292 | IceCv    | Found an ancient bone altar of Kikubaaqudgha.
 19353 | IceCv    | Received a gift from Sif Muna
 19562 | IceCv    | Learned a level 5 spell: Fireball
 20101 | IceCv    | Identified the ring of Xakol {rC+ rN+ Str+3 Dex+3}
 20165 | IceCv    | Reached XP level 13. HP: 74/74 MP: 34/34
 21016 | Lair:1   | Got Satic's Octavo of Electricity
 21340 | Lair:2   | Reached skill level 5 in Necromancy
 21641 | Lair:2   | Reached skill level 16 in Spellcasting
 21763 | Lair:2   | Identified the staff of earth "Sid Zor" {rC+}
 21919 | Lair:2   | Learned a level 6 spell: Starburst
 21969 | Lair:2   | Received a gift from Sif Muna
 22086 | Lair:2   | Got Sif Muna's Monograph on the Brume and the Tincture {god
                  | gift}
 23490 | Lair:3   | Found a staircase to the Shoals.
 23564 | Lair:3   | Identified the +1 ring mail "Atsi" {Harm rF+ Regen+ Int+4}
 23730 | Lair:3   | Found a hole to the Spider Nest.
 23748 | Lair:3   | Identified the +7 chain mail of Voesynebb {rElec rF+ Regen+
                  | MP+9}
 24404 | Lair:4   | Reached skill level 17 in Spellcasting
 24562 | Lair:4   | Identified a scroll of acquirement
 24562 | Lair:4   | Acquired the +2 pair of gloves of Incorporation {rPois rF-
                  | rN++ Regen+}
 25366 | Lair:4   | Found a viscous altar of Jiyva.
 25367 | Lair:4   | Found a staircase to the Slime Pits.
 25719 | D:8      | Killed Onni's ghost
 25996 | Orc:1    | Entered Level 1 of the Orcish Mines
 26003 | Orc:1    | Noticed Harold
 26016 | Orc:1    | Killed Harold
 26151 | Orc:1    | Reached XP level 14. HP: 79/79 MP: 37/37
 26583 | Orc:1    | Received a gift from Sif Muna
 26698 | Orc:1    | Learned a level 5 spell: Yara's Violent Unravelling
 26989 | Orc:2    | Entered Level 2 of the Orcish Mines
 27727 | Orc:2    | Reached skill level 1 in Transmutations
 27763 | Orc:2    | Found a staircase to the Elven Halls.
 27963 | Orc:2    | Found a bloodstained altar of Trog.
 28145 | Orc:2    | Reached skill level 18 in Spellcasting
 28151 | Orc:2    | Reached skill level 15 in Conjurations
 28358 | Orc:2    | Received a gift from Sif Muna
 28359 | Orc:2    | Got Mosux's Spellbook of the Spatial Wind {god gift}
 28435 | Orc:2    | Found Usofif's Weapon Emporium.
 28435 | Orc:2    | Found Seirez's Assorted Antiques.
 28436 | Orc:2    | Found Zaulaeni's Book Boutique.
 28436 | Orc:2    | Found Jinonur's Book Boutique.
 28462 | Orc:2    | Bought a scroll of blinking for 285 gold pieces
 28716 | Spider:1 | Entered Level 1 of the Spider Nest
 28718 | Spider:1 | Noticed Agnes
 28720 | Spider:1 | Killed Agnes
 28723 | Spider:1 | Noticed Donald
 28727 | Spider:1 | Killed Donald
 29020 | Spider:1 | Noticed Azrael
 29157 | Spider:1 | Killed Azrael
 29382 | Spider:1 | Noticed Rupert
 29467 | Spider:1 | Killed Rupert
 29468 | Spider:1 | Reached skill level 5 in Hexes
 30378 | Spider:2 | Noticed a broodmother
 30381 | Spider:2 | Killed a broodmother
 30421 | Spider:2 | Noticed an emperor scorpion
 30430 | Spider:2 | Killed an emperor scorpion
 30431 | Spider:2 | Reached skill level 19 in Spellcasting
 30691 | Spider:2 | Reached XP level 15. HP: 84/84 MP: 36/40
 30907 | Spider:2 | You fall into a shaft and drop 1 floor!
 30912 | Spider:3 | Received a gift from Sif Muna
 30934 | Spider:2 | Noticed Frances
 31080 | Spider:1 | Learned a level 5 spell: Iskenderun's Battlesphere
 31168 | Spider:2 | Killed from afar by Frances

Illustrated notes

Levels and vault maps discovered:
D:1:      dpeg_arrival_central, layout_loops_ring, minmay_pentomino_q2
D:2:      layout_basic
D:3:      minmay_octagon_keep, layout_basic, kennysheep_orc_sif_temple,
          doesnt_xom_only_xom, serial_corexii_hall, corexii_hall_statues_i,
          corexii_hall_statues_l, chequers_hall_statues_corner_a,
          chequers_hall_statues_y, gup_sewer_entry_bubbles,
          amcnicky_mini_pool_small, minmay_misc_feat_roman, uniq_terence,
          uniq_ijyb, uniq_grinder
D:4:      layout_rooms, serial_forest, infiniplex_forest_clump_double,
          infiniplex_forest_clump_double, infiniplex_forest_end_2,
          infiniplex_forest_pool, infiniplex_forest_clump_curved, uniq_robin,
          uniq_natasha
D:5:      layout_rooms, overflow_temple_1_default, ashenzari_altar_1,
          minmay_temple_entry_gardened_gates, uniq_eustachio
D:6:      minmay_general_purpose_star, layout_cave_pools,
          nicolae_elyvilon_peaceful_grove, uniq_maggie
D:7:      layout_cave_pods, nemelex_diamond_rough_becter, grunt_ministairs_11,
          hangedman_decor_diamond_cutter, uniq_duvessa
D:8:      layout_rooms, mainiacjoe_overflow_chevrons, overflow_temple_1_default,
          gammafunk_ghost_abyssal_escape, minmay_fractal_squares_5,
          uniq_gastronok
D:9:      layout_irregular_city, hellmonk_lair_entry_icy,
          minmay_misc_feat_hallway
D:10:     layout_grid_maze, minmay_stone_trees_large, abandoned_shop
D:11:     layout_roguey, serial_shops, nicolae_inconvenience_store
D:12:     layout_stronghold, david_orc_2, serial_ice, serial_ice_b,
          serial_ice_h, serial_ice_a, serial_ice_l
D:13:     layout_gridville
Temple:   nicolae_temple_great_sept
Lair:1:   layout_long_grid, portal_ice_cave_entry_ice_simulacra,
          serial_bayou_pond_b
Lair:2:   cheibrodos_lair_overgrown_chateau, layout_misc_corridors,
          infiniplex_staircase_pool
Lair:3:   layout_small_grid, nicolae_shoals_entry_flooding,
          spider_nest_entry_webs
Lair:4:   layout_cave_pods, slime_entry_1, grunt_megastairs_1
Spider:1: layout_spider_delve, uniq_azrael, uniq_agnes, uniq_donald, uniq_rupert
Spider:2: layout_chambers, dreamdust_wasp_nest, nicolae_spider_cling_halls,
          uniq_frances, uniq_arachne
Spider:3: spider_temple_joshua
Orc:1:    layout_caves, basic_altar, hangedman_minor_magic, uniq_harold
Orc:2:    st_orc_elflike, layout_caves, basic_altar

Skill      XL: |  1  2  3  4  5  6  7  8  9 10 11 12 13 14 |
---------------+-------------------------------------------+-----
Conjurations   | 5 6 7 8 9 10 12 13 14 15 | 15.8
Stealth        | 3 4 5 |  5.6
Spellcasting   | 4 5 7 8 10 12 13 15 17 19 | 19.1
Translocations | 1 2 3 4 6 7 |  7.1
Fire Magic     | 1 2 3 4 5 7 9 |  9.6
Dodging        | 3 4 5 6 7 9 |  9.2
Invocations    | 1 3 5 |  5.7
Fighting       | 1 3 5 6 |  6.5
Necromancy     | 2 3 4 5 |  5.2
Hexes          | 3 4 5 |  5.0
Summonings     | 2 |  2.1
Transmutations | 3 |  3.8
Ice Magic      | |  0.9

Action                     |  1- 3 |  4- 6 |  7- 9 | 10-12 | 13-15 || total
---------------------------+-------+-------+-------+-------+-------++-------
  Melee: Glaive            |       |       |       |     1 |     3 ||     4
   Cast: Magic Dart        |    67 |    40 |   175 |   201 |   135 ||   618
         Searing Ray       |       |    13 |    88 |   128 |    34 ||   263
         Momentum Strike   |       |     3 |    19 |    27 |     1 ||    50
         Sticky Flame      |       |       |     5 |    38 |    21 ||    64
         Iskenderun's Myst |       |       |     3 |    38 |    54 ||    95
         Lesser Beckoning  |       |       |       |     1 |       ||     1
         Dispel Undead     |       |       |       |     9 |       ||     9
         Cause Fear        |       |       |       |     2 |     1 ||     3
         Ensorcelled Hiber |       |       |       |     1 |     3 ||     4
         Gell's Gravitas   |       |       |       |    26 |    23 ||    49
         Fireball          |       |       |       |    11 |   208 ||   219
         Starburst         |       |       |       |       |    13 ||    13
         Dazzling Flash    |       |       |       |       |     2 ||     2
         Yara's Violent Un |       |       |       |       |     1 ||     1
 Invoke: Channel Magic     |       |       |     1 |     1 |     2 ||     4
  Evoke: Wand              |       |       |       |       |     1 ||     1
    Use: Scroll            |     2 |     5 |     9 |    13 |     9 ||    38
         Potion            |       |       |     3 |     2 |     9 ||    14
 Armour: Robe              |       |    10 |     3 |    66 |    53 ||   132
         Skin              |       |       |     2 |       |       ||     2
         Animal skin       |       |       |     6 |       |       ||     6
  Dodge: Dodged            |     2 |    22 |    48 |   106 |   104 ||   282
